[Event "Early-Titled-Tuesday-Blitz-April-02-2024"]
[Site "Chess.com"]
[Date "2024.04.02"]
[Round "6"]
[White "ninguno46"]
[Black "Aygehovit1992"]
[Result "0-1"]
[WhiteElo "2577"]
[BlackElo "2844"]
[TimeControl "180+1"]
[EndTime "9:06:18 PDT"]
[Termination "Aygehovit1992 won on time"]

1. e4 c5 2. Nc3 Nc6 3. f4 g6 4.
Nf3 Bg7 5. Bb5 Nd4 6. Bd3 d6 7. Nxd4 cxd4 8. Ne2 Nf6 9. O-O O-O 10. c3 dxc3 11.
dxc3 Qb6+ 12. Kh1 Ng4 13. Qe1 f5 14. exf5 Bxf5 15. Bxf5 Rxf5 16. h3 Ne3 17. Bxe3 Qxe3 18. Rf3 Qb6 19. Ng3 Rf7 20. Qe2 Raf8 21. Raf1 Qa5 22.
a3 Qd5 23. Ne4 Bh6 24. g3 b5 25. Kh2 a5 26. h4 Qc4 27. Qe3 Rf5 28. Ng5 Bxg5 29.
hxg5 R8f7 30. Rd1 Qc6 31. Qd3 Rxg5 32. Re1 Rh5+ 33. Kg2 e5 34. g4 Rh6 0-1

[Event "Early-Titled-Tuesday-Blitz-April-02-2024"]
[Site "Chess.com"]
[Date "2024.04.02"]
[Round "6"]
[White "XDPS"]
[Black "Byniolus"]
[Result "0-1"]
[WhiteElo "2915"]
[BlackElo "2791"]
[TimeControl "180+1"]
[EndTime "9:06:19 PDT"]
[Termination "Byniolus won by resignation"]

1. d4 d6 2. Nc3 Nf6 3. e4 c6 4.
Be2 b5 5. a3 Nbd7 6. Nf3 e5 7.
O-O Be7 8. Re1 O-O 9. Bf1 Re8 10. d5 cxd5 11. Nxd5 a6 12. Nxe7+ Qxe7 13. Bg5 Bb7 14. Nd2 h6 15. Bh4 d5 16. exd5 Bxd5 17. c4 bxc4 18. Nxc4 Qe6 19. Ne3 Bb3 20. Qd2 a5 21. Rac1 a4 22.
Nc4 Red8 23. Qe3 Rac8 24. Nd2 Rxc1 25. Rxc1 Bd5 26. Qa7 Ra8 27. Qc7 Nb6 28. Bg3 Rc8 29. Qxb6 Rxc1 30. Qxe6 Bxe6 31. Bxe5 Nd7 32. Bc3 Nb6 33.
Bd4 Nc4 34. Nf3 Bd5 35. h4 Bxf3 36. gxf3 Nd2 0-1

[Event "Early-Titled-Tuesday-Blitz-April-02-2024"]
[Site "Chess.com"]
[Date "2024.04.02"]
[Round "6"]
[White "GOGIEFF"]
[Black "MyDream003"]
[Result "1/2-1/2"]
[WhiteElo "3018"]
[BlackElo "2842"]
[TimeControl "180+1"]
[EndTime "9:06:20 PDT"]
[Termination "Game drawn by repetition"]

1. c4 e6 2. d4 d5 3. Nc3 Nf6 4. cxd5 exd5 5. Bg5 c6 6. e3 Be7 7. Qc2 O-O 8. Bd3 Nbd7 9. Nf3 Re8 10. O-O Nf8 11.
h3 Ne4 12. Bf4 Nd6 13. Ne5 Ng6 14. Bh2 f5 15. b4 a6 16. a4 Bf6 17. Nxg6 hxg6 18.
b5 Be6 19. bxc6 bxc6 20. Rab1 Nc4 21. Bxc4 dxc4 22. Rb7 c5 23. Be5 cxd4 24. exd4 Bxe5 25. dxe5 Qd4 26. Re1 Rab8 27. Rxb8 Rxb8 28. Qc1 Rb3 29.
Ne2 Qb6 30. Qg5 Rb1 31. Rxb1 Qxb1+ 32. Kh2 Qe1 33. Qe3 f4 34. Qf3 g5 35. Qc6 Qxe2 36.
Qxe6+ Kh7 37. Qf5+ Kh6 38. Qe6+ Kh7 39. Qf5+ Kh6 40.
Qe6+ Kh7 1/2-1/2

[Event "Early-Titled-Tuesday-Blitz-April-02-2024"]
[Site "Chess.com"]
[Date "2024.04.02"]
[Round "6"]
[White "KorolDimitriy75"]
[Black "Chernov_Alexander_A"]
[Result "1/2-1/2"]
[WhiteElo "2386"]
[BlackElo "2214"]
[TimeControl "180+1"]
[EndTime "9:06:20 PDT"]
[Termination "Game drawn by repetition"]

1. d4 Nf6 2. c4 e6 3. Nc3 d5 4.
Bg5 Be7 5. cxd5 exd5 6. e3 O-O 7. Bd3 c5 8. dxc5 Be6 9. Nf3 Bxc5 10. O-O h6 11. Bh4 Nc6 12. Rc1 Be7 13. h3 Rc8 14.
Nb5 Qb6 15. Qe2 Rfe8 16. Bxf6 Bxf6 17. Nd6 Nd4 18. Nxd4 Qxd6 19. Qd2 g6 20. a3 Kg7 21. Rxc8 Rxc8 22. Rc1 Rxc1+ 23. Qxc1 Bxd4 24. exd4 Qc6 25. Qxc6 bxc6 26. f4 Kf6 27. Kf2 Ke7 28. b4 g5 29.
g4 f6 30. Kg3 Kd6 31. h4 Bd7 32. hxg5 hxg5 33. Kf3 Be6 34. Kg3 Bd7 35. Kf3 Be6 36. Kg3 Bd7 1/2-1/2

[Event "Early-Titled-Tuesday-Blitz-April-02-2024"]
[Site "Chess.com"]
[Date "2024.04.02"]
[Round "6"]
[White "ActorXu"]
[Black "Macron20hTF1"]
[Result "1-0"]
[WhiteElo "2840"]
[BlackElo "2576"]
[TimeControl "180+1"]
[EndTime "9:06:21 PDT"]
[Termination "ActorXu won on time"]

1. e4 e6 2. d3 d5 3. Nd2 Nf6 4. Ngf3 Nc6 5. c3 dxe4 6. dxe4 e5 7. Be2 Bc5 8. O-O O-O 9. b4 Bd6 10. Qc2 a5 11. b5 Ne7 12. Nc4 Ng6 13. Rd1 Qe7 14. Nxd6 cxd6 15. a4 Be6 16. c4 Rac8 17. Be3 Nd7 18. Nd2 f5 19. exf5 Bxf5 20. Bd3 Bg4 21. f3 Be6 22. Bxg6 hxg6 23. Qxg6 Bf5 24. Bg5 Qf7 25. Qxd6 Nc5 26. Qxe5 Rfe8 27. Qg3 Bc2 28. Re1 Nd3 29. Rxe8+ Rxe8 30. h4 Re2 31. Kh2 Qe6 32.
Ne4 Ne5 33. Nc3 Qxc4 34. Nxe2 Qxe2 35. h5 1-0

[Event "Early-Titled-Tuesday-Blitz-April-02-2024"]
[Site "Chess.com"]
[Date "2024.04.02"]
[Round "6"]
[White "Alen_Yeremyann"]
[Black "Matrix3x3a"]
[Result "1-0"]
[WhiteElo "2820"]
[BlackElo "2598"]
[TimeControl "180+1"]
[EndTime "9:06:22 PDT"]
[Termination "Alen_Yeremyann won by resignation"]

1. Nf3 Nf6 2. g3 c5 3. Bg2 Nc6 4. O-O e5 5. d3 d5 6. c4 Be7 7. cxd5 Nxd5 8. Nc3 Nc7 9. Nd2 O-O 10. a4 f6 11. a5 a6 12. Nc4 Be6 13. Be3 Rb8 14.
Bxc6 bxc6 15. Na4 Rb4 16. b3 Nd5 17. Nxc5 Bh3 18. Nxa6 Nxe3 19. Nxe3 Rb5 20. Qc2 Rxa5 21. Nc4 Rb5 22. Rfd1 Qd5 23. Ne3 Qxb3 24. Qxc6 Rc8 25.
Qe4 Be6 26. Rac1 Rb6 27. Nc7 Ba3 28. Rc6 Rxc6 29. Qxc6 Bf7 30. Rf1 Bf8 31. Ned5 Qb8 32. Rc1 Rd8 33. Na6 Qa7 34. Ndc7 Rc8 35. h4 Rd8 36. Nb5 h6 37. Nxa7 1-0

[Event "Early-Titled-Tuesday-Blitz-April-02-2024"]
[Site "Chess.com"]
[Date "2024.04.02"]
[Round "6"]
[White "NowInChess"]
[Black "Mazarini41"]
[Result "1-0"]
[WhiteElo "2262"]
[BlackElo "2451"]
[TimeControl "180+1"]
[EndTime "9:06:22 PDT"]
[Termination "NowInChess won on time"]

1. e4 c5 2. d3 g6 3. g3 Bg7 4.
Bg2 Nc6 5. f4 e6 6. Nf3 Nge7 7.
O-O O-O 8. c3 d6 9. Be3 b5 10.
d4 cxd4 11. cxd4 d5 12. e5 Nf5 13. Bf2 h5 14. Nc3 b4 15. Na4 a5 16. Rc1 Bd7 17. Nc5 Qe7 18. h3 Rfc8 19. g4 hxg4 20. hxg4 Nh6 21. Bh4 Qe8 22. Bh3 Rc7 23. Bf6 Rac8 24.
Qd2 Bxf6 25. exf6 Qf8 26. Nxd7 Rxd7 27. Ne5 Nxe5 28. Rxc8 Qxc8 29. fxe5 Qf8 30. Rc1 Rb7 31. Rc6 a4 32. Qc1 b3 33. Rc8 Rb8 34. Rxf8+ Rxf8 35. Qxh6 1-0

[Event "Early-Titled-Tuesday-Blitz-April-02-2024"]
[Site "Chess.com"]
[Date "2024.04.02"]
[Round "6"]
[White "Misterfox120"]
[Black "AlexanderKing"]
[Result "0-1"]
[WhiteElo "2407"]
[BlackElo "2620"]
[TimeControl "180+1"]
[EndTime "9:06:24 PDT"]
[Termination "AlexanderKing won by resignation"]

1. d4 d5 2. Nc3 Nf6 3. Bf4 a6 4. e3 e6 5. g4 c5 6. g5 Nfd7 7. Nf3 Nc6 8. h4 b5 9. Bh3 Nb6 10. h5 cxd4 11. Nxd4 Bb7 12. g6 e5 13. Nxc6 Bxc6 14.
gxf7+ Kxf7 15. Bxe5 d4 16. Qg4 Qe7 17. Qf4+ Ke8 18. Bxd4 Bxh1 19. Bxb6 Qd6 20. Qf5 g6 21. hxg6 hxg6 22. Qg4 Be7 23. Bd4 Rh4 24. Qg3 Qxg3 25.
fxg3 Rxh3 26. Kf2 Bc6 27. Rg1 Rh2+ 28. Ke1 Rh1 29. Rxh1 Bxh1 0-1

[Event "Early-Titled-Tuesday-Blitz-April-02-2024"]
[Site "Chess.com"]
[Date "2024.04.02"]
[Round "6"]
[White "NikitaShnadrygin"]
[Black "ChainedDowntohell"]
[Result "0-1"]
[WhiteElo "2673"]
[BlackElo "2567"]
[TimeControl "180+1"]
[EndTime "9:06:25 PDT"]
[Termination "ChainedDowntohell won on time"]

1. e4 e6 2. d4 b6 3. a3 d5 4. exd5 Qxd5 5. Nc3 Qd6 6. Qf3 c6 7. Bf4 Qd7 8. O-O-O Bb7 9. Qg3 Na6 10. Nf3 Nf6 11. Ne5 Qc8 12. h4 Nh5 13. Qf3 Nxf4 14. Qxf4 Qc7 15.
Qf3 Bd6 16. h5 f6 17. Bxa6 Bxa6 18. Qxc6+ Qxc6 19. Nxc6 Bb7 20. d5 exd5 21. Nb4 O-O-O 22. Nbxd5 Be5 23. f3 Rhe8 24. Rd3 Ba6 25. Rdd1 Kb7 26. Ne4 Bc4 27. Nec3 Bg3 28. Rh3 Bd6 29. h6 g5 30.
Rhh1 f5 31. Nf6 Re7 32. Ncd5 Rf7 33. Rhe1 Bg3 34. Rh1 Rd6 0-1

[Event "Early-Titled-Tuesday-Blitz-April-02-2024"]
[Site "Chess.com"]
[Date "2024.04.02"]
[Round "6"]
[White "eljanov"]
[Black "Revan_2002"]
[Result "1-0"]
[WhiteElo "2893"]
[BlackElo "2720"]
[TimeControl "180+1"]
[EndTime "9:06:26 PDT"]
[Termination "eljanov won by resignation"]

1. e4 e5 2. Nf3 Nc6 3. Bc4 Bc5 4. c3 Nf6 5. d3 d6 6. O-O a6 7. Re1 Ba7 8. h3 Na5 9. Bd5 c6 10. Bxf7+ Kxf7 11. b4 Rf8 12. bxa5 Kg8 13. Ba3 Kh8 14. d4 exd4 15. cxd4 Be6 16. e5 Nd5 17. Bxd6 Rf4 18.
Nbd2 Bxd4 19. Nxd4 Rxd4 20. Qc1 Nf4 21. Nf3 Rc4 22. Qe3 Qe8 23. Nd4 Nd5 24. Qd3 Nf4 25. Qd2 Qf7 26. Nxe6 Qxe6 27. Re3 h6 28. Rf3 Nd5 29. Re1 Rd8 30. Rb3 Rd7 31. Rf3 Rd8 32. Rb1 Qg6 33. Rb2 Re8 34. Kh2 Re4 35. Rxb7 h5 36.
Rg3 Qf5 37. Rgxg7 Nf4 38. Rh7+ Qxh7 39. Rxh7+ Kxh7 40. Qc2 1-0

[Event "Early-Titled-Tuesday-Blitz-April-02-2024"]
[Site "Chess.com"]
[Date "2024.04.02"]
[Round "6"]
[White "zano2023"]
[Black "LileKoridze"]
[Result "1-0"]
[WhiteElo "2232"]
[BlackElo "2405"]
[TimeControl "180+1"]
[EndTime "9:06:26 PDT"]
[Termination "zano2023 won on time"]

1. d4 Nf6 2. Nd2 d5 3. Ngf3 e6 4. e3 c5 5. c3 Nc6 6. Bd3 Bd6 7. O-O O-O 8. dxc5 Bxc5 9. e4 dxe4 10. Nxe4 Be7 11. Qe2 Qc7 12. Nfg5 g6 13. Nxf6+ Bxf6 14. Ne4 Bg7 15. Ng5 Bd7 16. Nf3 Rae8 17. Bg5 e5 18. Bc4 Kh8 19. Rad1 f5 20. Be3 Be6 21. Bxe6 Rxe6 22.
Qc4 Ree8 23. Ng5 b6 24. b4 f4 25. Bc1 Rf5 26. Ne4 Re7 27. b5 Nd4 28. Qd3 Ne6 29.
Ba3 Re8 30. Qd6 Rc8 31. Qxe6 Rff8 32. Bxf8 Rxf8 33. Nd6 h6 34. Ne4 1-0

[Event "Early-Titled-Tuesday-Blitz-April-02-2024"]
[Site "Chess.com"]
[Date "2024.04.02"]
[Round "6"]
[White "Zhigalko_Sergei"]
[Black "krstulov_alex"]
[Result "1/2-1/2"]
[WhiteElo "2876"]
[BlackElo "2687"]
[TimeControl "180+1"]
[EndTime "9:06:27 PDT"]
[Termination "Game drawn by agreement"]

1. e4 c6 2. d4 d5 3. e5 c5 4. Nf3 Nc6 5. dxc5 Bg4 6. c3 e6 7. Be3 a6 8. Nbd2 Nxe5 9. Be2 Nc6 10. O-O Nf6 11. h3 Bh5 12. b4 Be7 13. Nd4 Bxe2 14. Qxe2 O-O 15. Bf4 Nd7 16. N2f3 Re8 17.
Rfe1 Bf6 18. Bd6 e5 19. Nf5 e4 20. N3d4 g6 21. Ne3 Nxd4 22. cxd4 Bxd4 23. Nxd5 Bxa1 24. Rxa1 Rc8 25. Rd1 Qg5 26. Nc7 Red8 27. Qxe4 Nxc5 28. bxc5 Rxc7 29. Re1 Rcd7 30. Be7 Rxe7 31.
Qxe7 Qxe7 32. Rxe7 Rc8 33. Rxb7 Rxc5 34. Rb2 1/2-1/2

[Event "Early-Titled-Tuesday-Blitz-April-02-2024"]
[Site "Chess.com"]
[Date "2024.04.02"]
[Round "6"]
[White "Hamisandwich"]
[Black "ChessFighter_2011"]
[Result "0-1"]
[WhiteElo "2712"]
[BlackElo "2916"]
[TimeControl "180+1"]
[EndTime "9:06:28 PDT"]
[Termination "ChessFighter_2011 won by resignation"]

1. Nf3 Nf6 2. e3 g6 3. d4 Bg7 4. c4 O-O 5. Be2 d6 6. Nc3 Nbd7 7. O-O e5 8. Qc2 Qe7 9. b4 Re8 10. a4 e4 11. Nd2 Nf8 12. Ba3 Bf5 13. Rfc1 h5 14. b5 h4 15. h3 N8h7 16. Qd1 Ng5 17.
Qf1 Qd7 18. Kh2 c5 19. bxc6 bxc6 20. Nb3 Bf8 21. Rab1 Be7 22. Na5 Bd8 23. Rb7 Qc8 24. Nb5 Bxa5 25. Nxd6 Bc7 26. Rcb1 Rb8 27. Rxb8 Bxb8 28.
Kh1 Bxd6 29. Bxd6 Nxh3 30. gxh3 Bxh3 31. Qg1 Qf5 32. Qh2 Bg4 33. Bxg4 Nxg4 34. Qf4 Nxf2+ 35.
Kg2 Ng4 36. Rb7 Qe6 37. d5 cxd5 38. c5 d4 39. exd4 e3 40. Be5 Nxe5 41. dxe5 Qd5+ 42. Qf3 h3+ 43. Kg3 Qxe5+ 44. Kxh3 Qe6+ 45. Kg3 e2 0-1

[Event "Early-Titled-Tuesday-Blitz-April-02-2024"]
[Site "Chess.com"]
[Date "2024.04.02"]
[Round "6"]
[White "Firegrizzly"]
[Black "RuperezA"]
[Result "1-0"]
[WhiteElo "2665"]
[BlackElo "2526"]
[TimeControl "180+1"]
[EndTime "9:06:28 PDT"]
[Termination "Firegrizzly won by resignation"]

1. d4 e6 2. e4 d5 3. Nc3 Bb4 4. e5 c5 5. a3 Bxc3+ 6. bxc3 Qa5 7. Bd2 Qa4 8. h4 Nc6 9. h5 h6 10. Qg4 Kf8 11. Rh3 Nxe5 12. Qh4 Nc6 13. Rb1 c4 14. Kd1 Qxa3 15. Rg3 Qe7 16. Qg4 Rh7 17. Qf4 Qf6 18. Qd6+ Qe7 19. Qf4 a5 20. Nf3 a4 21.
Ne5 Nf6 22. Rf3 a3 23. Ra1 Ke8 24. Bc1 a2 25. g4 Rh8 26. Re3 Ne4 27. f3 Nd6 28. Qg3 Bd7 29. Bg2 Nxe5 30. Qxe5 Bc6 31. Qxg7 Kd7 32. Qe5 Rhg8 33. Re2 Nb5 34. Qe3 Qg5 35.
Bd2 Qxe3 36. Rxe3 Rh8 37. Kc1 Kd6 38. Kb2 f6 39. Ree1 e5 40. dxe5+ fxe5 41. f4 e4 42. f5 Ke5 43. Rf1 Kf6 44. Rxa2 Rxa2+ 45. Kxa2 Rg8 46. Bh3 e3 47. Bxe3 Nxc3+ 48. Kb2 Na4+ 49. Ka3 Ke5 50. Bxh6 Ra8 51. Kb4 Nb6 52. Bg7+ Kd6 53. h6 Ra4+ 54. Kc3 Ra2 55. Bf8+ Kd7 56. h7 Na4+ 57. Kd4 Rxc2 58. h8=Q 1-0

[Event "Early-Titled-Tuesday-Blitz-April-02-2024"]
[Site "Chess.com"]
[Date "2024.04.02"]
[Round "6"]
[White "SuperJesus88"]
[Black "Boundless_Strike"]
[Result "1-0"]
[WhiteElo "2546"]
[BlackElo "2656"]
[TimeControl "180+1"]
[EndTime "9:06:30 PDT"]
[Termination "SuperJesus88 won on time"]

1. e4 e5 2. Nf3 d5 3. Nc3 d4 4. Ne2 f6 5. d3 Nc6 6. g3 Be6 7. Bg2 Qd7 8. O-O O-O-O 9. Re1 g5 10. a3 h5 11. h4 Bh3 12. hxg5 h4 13. Nxh4 fxg5 14.
Nf5 Qh7 15. Bf3 Bg4 16. Nexd4 Qh2+ 17. Kf1 Bh3+ 18. Ke2 Nxd4+ 19. Nxd4 g4 20. Rh1 gxf3+ 21. Nxf3 Qg2 22. Rg1 Bc5 23. Rxg2 Bxg2 24. Be3 Bd6 25. Qg1 Bh3 26. Ng5 Bd7 27. Nf7 Rh7 28. Nxd8 Kxd8 29. Qg2 Nf6 30. Rh1 Rf7 31. f3 Ne8 32. g4 Ng7 33. Rh7 Ke8 34. Qh2 Bf8 35. Bh6 1-0

[Event "Early-Titled-Tuesday-Blitz-April-02-2024"]
[Site "Chess.com"]
[Date "2024.04.02"]
[Round "6"]
[White "lularobs"]
[Black "lcmil"]
[Result "0-1"]
[WhiteElo "1567"]
[BlackElo "2281"]
[TimeControl "180+1"]
[EndTime "9:06:30 PDT"]
[Termination "lcmil won by checkmate"]

1. b4 e5 2. Bb2 Bxb4 3. Bxe5 Nf6 4. Nf3 d5 5. e3 O-O 6. c3 Bd6 7. d4 c5 8. Bxd6 Qxd6 9. Be2 Bf5 10. Nbd2 Nc6 11.
Nb3 c4 12. Nbd2 b5 13. Nf1 b4 14. Ng3 Bg6 15. Nh4 bxc3 16. Nxg6 hxg6 17. Qc2 Qa3 18. O-O Nb4 19. Qc1 Qb2 20. Rd1 Rab8 21. Rb1 Qxc1 22.
Rdxc1 Nxa2 23. Rxb8 Rxb8 24. Ra1 c2 25. Bf3 c1=Q+ 26.
Rxc1 Nxc1 27. h3 a5 28. Bd1 Nb3 29. Ne2 a4 30. Nf4 a3 31. Bf3 a2 32. Nxd5 a1=Q+ 33. Kh2 Nxd5 34. Bxd5 Nd2 35. e4 Nf1+ 36. Kg1 Rb3 37.
Bxc4 Ng3+ 38. Kh2 Qh1# 0-1

[Event "Early-Titled-Tuesday-Blitz-April-02-2024"]
[Site "Chess.com"]
[Date "2024.04.02"]
[Round "6"]
[White "SahibSinghKnight"]
[Black "Oleksandr_Bortnyk"]
[Result "0-1"]
[WhiteElo "2596"]
[BlackElo "3028"]
[TimeControl "180+1"]
[EndTime "9:06:32 PDT"]
[Termination "Oleksandr_Bortnyk won by resignation"]

1. e4 Nf6 2. e5 Nd5 3. c4 Nb6 4.
d4 d6 5. exd6 exd6 6. Nc3 Be7 7.
Be2 O-O 8. Be3 Nc6 9. b3 Bf5 10.
Nf3 Bf6 11. O-O Re8 12. Rc1 h6 13. h3 d5 14. cxd5 Nxd5 15. Nxd5 Qxd5 16. Rc5 Qd7 17. d5 Ne7 18. Bb5 c6 19. dxc6 bxc6 20. Qxd7 Bxd7 21. Rd1 Bxh3 22. Rxc6 Nxc6 23. Bxc6 Bg4 24. Rd2 Rxe3 25. Bxa8 Rc3 26. Be4 g6 27. Rc2 Kf8 28. Nd2 Ke7 29. Nc4 Rxc2 30. Bxc2 Be6 31. Kf1 Bd4 32. Ke2 f5 33.
Bd3 h5 34. b4 h4 35. a4 g5 36. b5 g4 37. a5 Bd5 38. Kf1 Kf6 39. b6 h3 40.
gxh3 gxh3 41. Kg1 axb6 42. axb6 Bxf2+ 43. Kh2 Bg2 44. b7 Ba7 45. Na5 Bb8+ 46. Kg1 Bd5 47.
Kf2 h2 48. Bc4 h1=Q 49. Bxd5 Qxd5 0-1

[Event "Early-Titled-Tuesday-Blitz-April-02-2024"]
[Site "Chess.com"]
[Date "2024.04.02"]
[Round "6"]
[White "Manukyan_Artak"]
[Black "Fy_Rakotomaharo"]
[Result "0-1"]
[WhiteElo "2553"]
[BlackElo "2698"]
[TimeControl "180+1"]
[EndTime "9:06:32 PDT"]
[Termination "Fy_Rakotomaharo won on time"]

1. e4 c5 2. Nf3 e6 3. c3 Nf6 4. e5 Nd5 5. d4 cxd4 6. cxd4 d6 7.
Nc3 Nxc3 8. bxc3 Qc7 9. Bd2 Nd7 10. Bb5 a6 11. Bxd7+ Bxd7 12. O-O Be7 13. Re1 O-O 14. Bg5 Bc6 15. Bxe7 Qxe7 16. exd6 Qxd6 17. Ne5 Rac8 18. Re3 Bd5 19. Rg3 f6 20. Ng4 Kh8 21. h4 Qf4 22.
Qc1 Qxc1+ 23. Rxc1 Bxa2 24. h5 h6 25. Ne3 Rc7 26. Nd1 Rfc8 27. f4 Bc4 28. Nb2 Be2 29. Kf2 Bxh5 30. Na4 Rc6 31. Re3 Bg4 32. Nc5 R8c7 33.
Rce1 Kg8 34. Nxe6 Bxe6 35. Rxe6 Rxc3 36. d5 Rd3 37. d6 Rd7 38. Re8+ Kh7 39. R1e7 R3xd6 0-1

[Event "Early-Titled-Tuesday-Blitz-April-02-2024"]
[Site "Chess.com"]
[Date "2024.04.02"]
[Round "6"]
[White "Baku_Boulevard"]
[Black "vovachesss"]
[Result "1/2-1/2"]
[WhiteElo "3036"]
[BlackElo "2830"]
[TimeControl "180+1"]
[EndTime "9:06:33 PDT"]
[Termination "Game drawn by repetition"]

1. e4 e5 2. Nc3 Nf6 3. g3 d5 4.
exd5 c6 5. d6 Bxd6 6. Bg2 O-O 7.
d3 Re8 8. Nf3 Nbd7 9. O-O Nf8 10. Re1 Ng6 11. h3 h6 12. Be3 a5 13. a3 Be6 14. d4 Qc7 15. dxe5 Nxe5 16. Nxe5 Bxe5 17.
Bd4 Bxd4 18. Qxd4 Bf5 19. Qc5 Qd7 20. Red1 Qe6 21. Rd6 Qe5 22. Qxe5 Rxe5 23. Rd2 Rae8 24. Kf1 Ne4 25. Bxe4 Bxe4 26. Nxe4 Rxe4 27. Rad1 Kf8 28.
Rd7 R4e7 29. a4 f6 30. h4 Kf7 31. c3 h5 32. b4 Ra8 33. Rd8 Rxd8 34. Rxd8 axb4 35.
cxb4 Re5 36. Rd7+ Re7 37. Rd4 Kg6 38. Kg2 Kf5 39. Kf3 g5 40. hxg5 fxg5 41. Rc4 g4+ 42. Kg2 Re4 43. Rc5+ Kg6 44. b5 Rxa4 45. bxc6 bxc6 46.
Rxc6+ Kg5 47. Rc5+ Kg6 48. Rc6+ Kg5 49. Rc2 Rb4 50. Re2 Rb5 51. Rd2 Rb1 52. Re2 Rc1 53. Rd2 Rb1 54. Re2 Rc1 55. Rd2 Rb1 1/2-1/2

[Event "Early-Titled-Tuesday-Blitz-April-02-2024"]
[Site "Chess.com"]
[Date "2024.04.02"]
[Round "6"]
[White "Imagine_Drag0n"]
[Black "yaguigor"]
[Result "0-1"]
[WhiteElo "2790"]
[BlackElo "2647"]
[TimeControl "180+1"]
[EndTime "9:06:33 PDT"]
[Termination "yaguigor won by resignation"]

1. e4 c5 2. Nf3 Nc6 3. Bb5 g6 4.
Bxc6 bxc6 5. d4 cxd4 6. Qxd4 f6 7. O-O d6 8. c4 c5 9. Qd3 Nh6 10.
Nc3 Nf7 11. a3 Bg7 12. b4 Bg4 13. Bf4 g5 14. Bg3 h5 15. h3 Be6 16. Nd5 h4 17.
Bh2 Rc8 18. Rad1 g4 19. hxg4 Bxg4 20. e5 Bxf3 21. exf6 Bxd1 22. fxg7 Rg8 23. Qh7 Kd7 24. Qf5+ Ke8 25. Re1 Rxg7 26. Nxe7 Kf8 27. Nxc8 Bg4 28. Qf4 Bxc8 29. bxc5 dxc5 30. Qe4 Ng5 31. Qe5 Nf3+ 0-1

[Event "Early-Titled-Tuesday-Blitz-April-02-2024"]
[Site "Chess.com"]
[Date "2024.04.02"]
[Round "6"]
[White "Gabcur"]
[Black "xasid81"]
[Result "0-1"]
[WhiteElo "2345"]
[BlackElo "2631"]
[TimeControl "180+1"]
[EndTime "9:06:33 PDT"]
[Termination "xasid81 won by resignation"]

1. e4 a6 2. d4 h6 3. g3 b6 4. Bg2 Bb7 5. Ne2 g6 6. O-O Bg7 7. Nbc3 d6 8. Be3 e6 9. h3 Ne7 10. Qd2 Kf8 11. g4 Kg8 12. Ng3 Nd7 13. f4 f5 14. gxf5 exf5 15. exf5 Bxg2 16. Qxg2 Nxf5 17. Nxf5 gxf5 18. Qd5+ Kf8 19. Qxf5+ Nf6 20. Bf2 Qc8 21. Qxc8+ Rxc8 22. Rae1 Kf7 23. f5 Rhg8 24. Kh1 b5 25. a3 Rce8 26. d5 Nh5 27. Re6 Nf4 28. Rfe1 Bxc3 29.
bxc3 Nxd5 30. Rxh6 Rxe1+ 31. Bxe1 Ne3 32. Bh4 Kg7 33. Rg6+ Kh7 34. Rf6 Rg7 35. Bf2 Nd5 36.
Re6 Rf7 37. f6 Rxf6 38. Rxf6 Nxf6 39. Kg2 Ne4 40. Bd4 c5 41. Be3 Nxc3 42. Kf3 a5 43.
Bf4 d5 44. Bd6 Ne4 45. Be7 a4 46. Ke3 b4 47. axb4 a3 48. Bxc5 Nxc5 49. bxc5 a2 50.
c6 a1=Q 51. c7 Qc3+ 0-1

[Event "Early-Titled-Tuesday-Blitz-April-02-2024"]
[Site "Chess.com"]
[Date "2024.04.02"]
[Round "6"]
[White "BashirliSaadat"]
[Black "Dewarfd"]
[Result "1-0"]
[WhiteElo "2359"]
[BlackElo "2109"]
[TimeControl "180+1"]
[EndTime "9:06:33 PDT"]
[Termination "BashirliSaadat won on time"]

1. e4 c5 2. Nf3 g6 3. c3 Bg7 4.
d4 cxd4 5. cxd4 d5 6. e5 Nc6 7. Nc3 Nh6 8. Bd3 Bf5 9. O-O Bxd3 10. Qxd3 O-O 11. Qb5 e6 12. Qxb7 Na5 13. Qb4 Rb8 14. Qa4 Nf5 15. Bg5 Qb6 16. Rab1 Rfc8 17. Qd1 Nc4 18.
b3 Na3 19. Rc1 Nb5 20. Na4 Rxc1 21. Qxc1 Qa5 22. Qc5 Bf8 23. Qc2 Nbxd4 24. Nxd4 Nxd4 25. Qd3 Nc6 26. Qg3 h6 27. Bf6 Nd4 28. Qe3 Nf5 29. Qd3 Rc8 30. g4 Ne7 31. Qe3 Nc6 32. Rc1 Qb4 33.
h3 1-0

[Event "Early-Titled-Tuesday-Blitz-April-02-2024"]
[Site "Chess.com"]
[Date "2024.04.02"]
[Round "6"]
[White "Predo63"]
[Black "Sanyura"]
[Result "1-0"]
[WhiteElo "2534"]
[BlackElo "2606"]
[TimeControl "180+1"]
[EndTime "9:06:34 PDT"]
[Termination "Predo63 won on time"]

1. d4 Nf6 2. Bg5 g6 3. Bxf6 exf6 4. e3 Bg7 5. Nd2 O-O 6. g3 f5 7. Bg2 Nc6 8. Ne2 h5 9. h4 Re8 10. c3 d6 11. O-O Bd7 12. Nf4 a6 13. a4 b5 14.
axb5 axb5 15. Qb3 Na5 16. Qc2 c6 17. b4 Nc4 18. Nxc4 bxc4 19. Rfe1 Rxa1 20. Rxa1 c5 21. bxc5 dxc5 22. Bd5 g5 23. hxg5 Qxg5 24. Ra7 Be6 25.
Bxe6 fxe6 26. Qe2 h4 27. Kg2 hxg3 28. fxg3 e5 29. Qxc4+ Kh7 30. dxe5 Rxe5 31. Qe2 Re7 32. Rxe7 Qxe7 33. Qh5+ Kg8 34. Qxf5 Qxe3 35. Qd5+ Kh7 36. c4 Bd4 37. Qf7+ Bg7 38. Kh3 Qe5 39. Qh5+ Qxh5+ 40. Nxh5 Be5 41. Kg4 Kg6 42. Nf4+ Kf7 43. Nd3 Bd6 44. Nf2 Ke6 45. Nd3 Kf6 46. Kf3 Kf5 47. g4+ Ke6 48. Ke4 Be7 49. Nf4+ Kf7 50. Kf5 Bd6 51. Nd5 Kg7 52.
g5 Kf7 53. Nf4 Ke7 54. Nh5 1-0

[Event "Early-Titled-Tuesday-Blitz-April-02-2024"]
[Site "Chess.com"]
[Date "2024.04.02"]
[Round "6"]
[White "DanylaBagrov"]
[Black "Zhani-Z"]
[Result "1-0"]
[WhiteElo "2508"]
[BlackElo "2328"]
[TimeControl "180+1"]
[EndTime "9:06:34 PDT"]
[Termination "DanylaBagrov won by resignation"]

1. d4 Nf6 2. Bf4 e6 3. e3 d5 4.
Nf3 c5 5. c3 Bd6 6. Bg3 Qc7 7.
Nbd2 Nbd7 8. Bd3 O-O 9. O-O Bxg3 10. hxg3 e5 11. dxe5 Nxe5 12. Nxe5 Qxe5 13. Nf3 Qh5 14. Qa4 c4 15. Be2 Ng4 16. Rfd1 Be6 17. Rd4 f5 18. Qb4 Rf6 19. Qxb7 Raf8 20. Rxd5 Rh6 21. Nh4 g5 22. Bxg4 fxg4 23. Re5 Kh8 24. Rd1 Rhf6 25. Qe4 Qh6 26. Rd6 gxh4 27. Rexe6 hxg3 28. Rxf6 Rxf6 29. Qe8+ Qf8 30. Qxf8+ Rxf8 31. fxg3 Rb8 32. Rd2 Re8 33. Kf2 Rb8 34. Ke2 Kg7 35. Kd1 Kf6 36. Kc2 Ke5 37. Rd4 Rf8 38. Rf4 Rc8 39. Rxg4 h5 40. Rh4 a6 41.
Rxh5+ Ke4 42. Ra5 Kxe3 43. Rxa6 1-0

[Event "Early-Titled-Tuesday-Blitz-April-02-2024"]
[Site "Chess.com"]
[Date "2024.04.02"]
[Round "6"]
[White "santosalberto1987"]
[Black "Felix-Rose"]
[Result "1/2-1/2"]
[WhiteElo "2498"]
[BlackElo "2326"]
[TimeControl "180+1"]
[EndTime "9:06:38 PDT"]
[Termination "Game drawn by repetition"]

1. e4 e5 2. Nf3 Nc6 3. Bc4 Nf6 4.
d3 Bc5 5. c3 d6 6. Bb3 a5 7.
O-O Ba7 8. Nbd2 O-O 9. h3 Be6 10.
Re1 Bxb3 11. axb3 Ne7 12. Nf1 Ng6 13. Ng3 c6 14. Nf5 Re8 15. N3h4 d5 16. Qf3 Nxh4 17. Nxh4 Nxe4 18. dxe4 Qxh4 19. exd5 cxd5 20. Be3 e4 21. Qd1 Bxe3 22. Rxe3 Qd8 23. Qd4 Re6 24. Rd1 Rb6 25. Qxd5 Qxd5 26. Rxd5 Rxb3 27. Rxe4 Rxb2 28. Rxa5 Rc8 29. Rc5 Rd8 30. Rc7 Kf8 31. Ree7 Rd1+ 32. Kh2 Rxf2 33. Rxb7 Rdd2 34. Kh1 g6 35. c4 Kg8 36. c5 Rxg2 37. Rxf7 Rh2+ 38. Kg1 Rdg2+ 39. Kf1 Rc2 40. Kg1 Rcg2+ 41. Kf1 Rc2 42. Kg1 Rcg2+ 1/2-1/2